 Dungeon Crawl Stone Soup version 0.26-a0-104-gef3e9dd61f (webtiles) character file.

Game seed: 10671371648041855555

0 Gargoyl the Skirmisher (level 1, 0/19 HPs)
             Began as a Centaur Abyssal Knight on June 22, 2020.
             Was a Follower of Lugonu.
             Slain by a thrashing horror (1 damage)
             ... on level 1 of the Abyss.
             The game lasted 00:00:24 (324 turns).

Gargoyl the Skirmisher (Centaur Abyssal Knight)      Turns: 324, Time: 00:00:25

Health: 0/19       AC:  4    Str: 14    XL:     1   Next: 0%
Magic:  2/2        EV:  9    Int: 11    God:    Lugonu [*.....]
Gold:   0          SH:  0    Dex:  8    Spells: 0/0 levels left

rFire    . . .     SeeInvis .   a - +1 hand axe
rCold    . . .     Gourm    .   (no shield)
rNeg     . . .     Faith    .   b - +0 leather armour
rPois    .         Spirit   .   (no helmet)
rElec    .         Reflect  .   (no cloak)
rCorr    .         Harm     .   (no gloves)
MR       .....                  (no barding)
Stlth    ..........             (no amulet)
HPRegen  0.06/turn              (no ring)
MPRegen  0.08/turn              (no ring)

@: very quick
A: large, hooves 3, deformed body, speed 2, tough skin 3
a: Depart the Abyss, Renounce Religion


You were on level 1 of the Abyss.
You worshipped Lugonu.
Lugonu was aware of your devotion.
You were not hungry.

You visited 0 branches of the dungeon, and saw 0 of its levels.
You visited the Abyss 1 time.

Inventory:

Hand Weapons
 a - a +1 hand axe (weapon)
Armour
 b - a +0 leather armour (worn)
Comestibles
 c - a ration


   Skills:
 + Level 3.0 Fighting
 + Level 1.7 Axes
 + Level 1.3 Armour
 + Level 0.6 Dodging
 + Level 2.0 Invocations


You couldn't memorise any spells.
You didn't know any spells.
Your spell library was empty.

Dungeon Overview and Level Annotations

Branches:
Dungeon (0/15)

Altars:


Innate Abilities, Weirdness & Mutations

You have hooves in place of feet.
Armour fits poorly on your strangely shaped body.
You cover ground very quickly.
You have extremely tough skin. (AC +3)


Message History

The starspawn tentacle barely misses you.
The starspawn tentacle closely misses you.
Found 15 sling bullets.
A spatial vortex comes into view.
An ancient zyme comes into view.
You feel yourself growing ill in the presence of the ancient zyme.
A spatial maelstrom comes into view.
A spatial vortex comes into view.
A spatial vortex comes into view.
A spatial vortex comes into view.
A spatial vortex comes into view.
A spatial vortex comes into view.
The thrashing horror barely misses you. The thrashing horror tramples you.
You hold your ground!
The thrashing horror misses you. The thrashing horror tramples you.
You hold your ground!
The thrashing horror roars!
The thrashing horror tramples you!
* * * LOW HITPOINT WARNING * * *
You hold your ground!
The thrashing horror tramples you.
You die...

## #. #. #.#### #.
#.@#.##### ...
#.#X.#...#..# .
#.##....v...# ..
##.......#... #.#
#..#...§### #x..
....###.#.v§####.. .
..#####..###.v.....#
# #.#####v......
##.## .# v#....


You could see a spatial maelstrom, a spatial vortex and a thrashing horror.

Vanquished Creatures (others)
  2 starspawn tentacles (Abyss:1)
2 creatures vanquished.

Notes
Turn   | Place    | Note
-------+----------+-------------------------------------------
     0 | Abyss:1  | Gargoyl the Centaur Abyssal Knight began the quest for the
                  | Orb.
     0 | Abyss:1  | Reached XP level 1. HP: 19/19 MP: 2/2
    60 | Abyss:1  | Noticed a chaos spawn
   285 | Abyss:1  | Noticed a thrashing horror
   288 | Abyss:1  | Noticed a freezing wraith
   298 | Abyss:1  | Noticed a tentacled starspawn
   313 | Abyss:1  | Noticed a spatial vortex
   313 | Abyss:1  | Noticed an ancient zyme
   314 | Abyss:1  | Noticed a spatial maelstrom
   318 | Abyss:1  | Noticed a spatial vortex
   319 | Abyss:1  | Noticed a spatial vortex
   320 | Abyss:1  | Noticed a spatial vortex
   320 | Abyss:1  | Noticed a thrashing horror
   322 | Abyss:1  | Noticed a spatial vortex
   322 | Abyss:1  | Noticed a spatial vortex
   324 | Abyss:1  | Slain by a thrashing horror

Illustrated notes

Levels and vault maps discovered:
Abyss:1

Action                   || total
-------------------------++-------
Dodge: Dodged            ||     4

Table legend:
 A = Non-vault XP
 B = Vault XP
 C = Vault XP percentage of total XP
 D = Non-vault monster count
 E = Vault monster count
 F = Vault count percentage of total count
                 A         B        C        D         E       F
            +---------+---------+-------+---------+---------+-------
      Total |       0 |       0 |   N/A |       0 |       0 |  -nan
            +---------+---------+-------+---------+---------+-------
            +---------+---------+-------+---------+---------+-------
